 Dungeon Crawl Stone Soup version 0.20.1-1-g8b1a95d (webtiles) character file.

86 mopl the Bolt Thrower (level 4, 0/33 HPs)
             Began as a Formicid Hunter on Nov 3, 2017.
             Slain by a gnoll
             ... wielding a cursed -1 halberd
              (4 damage)
             ... on level 2 of the Dungeon.
             The game lasted 00:04:49 (2409 turns).

mopl the Bolt Thrower (Formicid Hunter)             Turns: 2409, Time: 00:04:51

Health: 0/33       AC: 10    Str: 18    XL:     4   Next: 78%
Magic:  4/4        EV:  4    Int: 10    God:
Gold:   95         SH:  3    Dex: 11    Spells: 3/3 levels left

rFire    . . .     SeeInvis +   a - +1 hand crossbow
rCold    . . .     Gourm    .   h - +0 buckler
rNeg     . . .     Faith    .   B - +0 plate armour
rPois    .         Spirit   .   (helmet unavailable)
rElec    .         Reflect  .   (no cloak)
rCorr    .         Harm     .   (no gloves)
MR       .....                  (no boots)
Stlth    ..........             (no amulet)
Regen    0.2/turn               (no ring)
MPRegen  0.1/turn               (no ring)

@: no status effects
A: permanent stasis, dig shafts and tunnels, four strong arms, antennae 3
a: Dig, Shaft Self


You were on level 2 of the Dungeon.
You were hungry.

You visited 1 branch of the dungeon, and saw 3 of its levels.

You collected 95 gold pieces.

Inventory:

Hand Weapons
 a - a +1 hand crossbow (weapon)
 b - a +0 hunting sling
Missiles
 d - 19 bolts (quivered)
 i - 22 stones
 m - 22 arrows
 r - 24 poisoned needles
 s - 6 tomahawks
 v - 20 sling bullets
Armour
 h - a +0 buckler (worn)
 B - a +0 plate armour (worn)
Scrolls
 g - 2 scrolls of teleportation {unknown}
 k - a scroll of blinking {unknown}
 l - a scroll of random uselessness {unknown}
 n - 2 scrolls of identify {unknown}
 q - a scroll of fog {unknown}
 t - a scroll of recharging {unknown}
 x - a scroll of enchant armour {unknown}
 y - a scroll of magic mapping {unknown}
 A - a scroll of noise {unknown}
Potions
 e - 2 potions of ambrosia {unknown}
 o - 2 potions of haste {unknown}
 w - a potion of heal wounds {unknown}
 z - 3 potions of might {unknown}
Books
 c - a book of Cantrips

   Spells                             Type                      Level
   a - Confusing Touch                Hexes                        1
   b - Animate Skeleton               Necromancy                   1
   c - Summon Small Mammal            Summoning                    1
   d - Apportation                    Translocation                1
Comestibles
 f - 4 bread rations
 j - a meat ration
 p - 4 fruits
 u - a royal jelly


   Skills:
 - Level 2.1 Fighting
 + Level 5.8 Crossbows
 - Level 1.7 Dodging
 - Level 1.2 Stealth


You had 3 spell levels left.
You didn't know any spells.

Dungeon Overview and Level Annotations

Branches:
Dungeon (3/15)

Altars:
Zin

Shops:
D:2 *


Innate Abilities, Weirdness & Mutations

You cannot be hasted, slowed, berserked, paralysed or teleported.
You can dig through walls and to a lower floor.
Your four strong arms can wield two-handed weapons with a shield.
You have a pair of large antennae on your head. (SInv)


Message History

There is a stone staircase leading down here.
Unknown command.
You start resting.
You are feeling hungry.
You climb downwards.
The gnoll hits you from afar with a halberd!
The gnoll hits you with a halberd.
The gnoll hits you from afar with a halberd.
The gnoll barely misses you.
There is a stone staircase leading up, spattered with blood here.
The gnoll hits you from afar with a halberd!
* * * LOW HITPOINT WARNING * * *
You climb upwards.
There is a stone staircase leading down here.
Firing (i - inventory. (,) - cycle):
d - 20 bolts (quivered)
Press: ? - help, Shift-Dir - straight line, f - gnoll
Aim: a gnoll, wielding a halberd You shoot a bolt.
The bolt barely misses the gnoll.
The gnoll hits you with a halberd.
You die...

########## #........#
################# #.######.#
#..........@g..(# #.###..#.#
#........######.###.##...#..
#........# #...#.##..####
###......# ######.#.##......
#.##...###....#.#.##.#####
######.#......#.#......##......
#......#.>.#....)...#####......
#.##########..#.....+....#.####
#.#...........#.....####.#.##..


You could see a gnoll.

Vanquished Creatures
  A gnoll (D:3)
  2 adders
  An ooze (D:3)
  2 worms (D:2)
  A dart slug (D:1)
  A leopard gecko (D:2)
  7 bats
  A giant cockroach (D:1)
  5 hobgoblins
  A ball python (D:1)
  2 frilled lizards
  4 goblins
  7 kobolds
  18 rats
53 creatures vanquished.

Notes
Turn   | Place    | Note
-------+----------+-------------------------------------------
     0 | D:1      | mopl the Formicid Hunter began the quest for the Orb.
     0 | D:1      | Reached XP level 1. HP: 16/16 MP: 1/1
    44 | D:1      | Reached XP level 2. HP: 21/22 MP: 2/2
   523 | D:1      | Reached XP level 3. HP: 27/27 MP: 3/3
   790 | D:1      | Reached skill level 5 in Crossbows
  1414 | D:2      | Reached XP level 4. HP: 32/33 MP: 4/4
  1587 | D:2      | Found Zin's Purification Station.
  1596 | D:2      | Found a glowing silver altar of Zin.
  2409 | D:2      | Slain by a gnoll

Skill      XL: |  1  2  3 |
---------------+----------+-----
Crossbows      | 5 |  5.8
Fighting       | |  2.1
Dodging        | |  1.7
Stealth        | |  1.2

Action                   |  1- 3 |  4- 6 || total
-------------------------+-------+-------++-------
 Fire: Hand crossbow     |    43 |     4 ||    47
       Hunting sling     |    87 |    59 ||   146
 Abil: Dig               |     1 |       ||     1
  Eat: Chunk             |     1 |     3 ||     4
Armor: Leather armour    |    23 |     3 ||    26
Dodge: Dodged            |    49 |    14 ||    63
Block: Buckler           |     3 |     2 ||     5
